 Dungeon Sprint DCSS version 0.28.0-53-g5a82cb258f (webtiles) character file.

Game seed: 12379867874897135236

1759 Zeld the Eclecticist (level 8, -10/41 HPs)
             Began as a Deep Elf Conjurer on May 30, 2022.
             Was an Elder of Sif Muna.
             Killed by an exploding fulminant prism (36 damage)
             ... in the Dungeon (Sprint IV: "Fedhas' Mad Dash").
             The game lasted 00:02:25 (1923 turns).

Zeld the Eclecticist (Deep Elf Conjurer)            Turns: 1923, Time: 00:02:25

Health: -10/41     AC:  2    Str:  4    XL:     8   Next: 79%
Magic:  19/30      EV: 12    Int: 26    God:    Sif Muna [****..]
Gold:   32         SH:  0    Dex: 13    Spells: 19/40 levels left

rFire   . . .      SeeInvis .   (no weapon)
rCold   . . .      Faith    .   (no shield)
rNeg    . . .      Spirit   .   a - +0 robe
rPois   .          Reflect  .   (no helmet)
rElec   .          Harm     .   (no cloak)
rCorr   .          Rampage  .   (no gloves)
Will    .....      NoTele   +   (no boots)
Stlth   ++++......              h - amulet of invisibility {+Inv}
HPRegen 0.13/turn               (no ring)
MPRegen 0.22/turn               (no ring)

@: no status effects
A: no striking features
a: Renounce Religion, Evoke Invisibility, Channel Magic, Forget Spell, Divine
Exegesis


You were in the Dungeon.
You worshipped Sif Muna.
Sif Muna was greatly pleased with you.
You visited 1 branch You collected 113 gold pieces.
You spent 81 gold pieces at shops.

Inventory:

Armour
 a - a +0 robe (worn)
Jewellery
 h - the amulet of invisibility (around neck) {+Inv}
   (You found it in the Dungeon)

   [amulet of nothing]

   +Inv:      It lets you turn invisible.
Scrolls
 g - a scroll of blinking
 i - 3 scrolls of identify {unknown}
 l - a scroll of magic mapping {unknown}
Potions
 b - a potion of curing
 c - a potion of heal wounds
 d - a potion of haste
 e - 3 potions of magic
 f - a potion of berserk rage
 j - a potion of ambrosia {unknown}
 k - a potion of might {unknown}


   Skills:
 - Level 2.4 Dodging
 - Level 8.0 Stealth
 * Level 16.8 Spellcasting
 * Level 15.1 Conjurations
 - Level 2.0 Hexes
 - Level 2.0 Translocations


You had 19 spell levels left.
You knew the following spells:

 Your Spells              Type           Power      Damage    Failure   Level
a - Magic Dart            Conj           100%       1d8       0%          1
b - Searing Ray           Conj           100%       2d8       0%          2
c - Fulminant Prism       Conj/Hex       30%        3d16      1%          4
d - Iskenderun's Mystic   Conj/Tloc      60%        2d13      1%          4
y - Orb of Destruction    Conj           39%        9d11      3%          7
z - Dazzling Flash        Conj/Hex       100%       N/A       1%          3

Your spell library contained the following spells:

 Spells                   Type           Power      Damage    Failure   Level
 Stone Arrow              Conj/Erth      100%       3d13      1%          3
 Ensorcelled Hibernation  Hex/Ice        54%        N/A       2%          2
 Wereblood                Tmut           21%        N/A       3%          2
 Call Canine Familiar     Summ           21%        N/A       7%          3
 Summon Forest            Summ/Tloc      13%        N/A       38%         5
 Discord                  Hex            16%        N/A       100%        8


Dungeon Overview and Level Annotations

Branches:
Dungeon (1/1)

Altars:
Cheibriados
Dithmenos
Elyvilon
Gozag
Hepliaklqana
Kikubaaqudgha
Makhleb
Nemelex Xobeh
Okawaru
Qazlal
Ru
Sif Muna
Trog
Uskayaw
Vehumet
Wu Jian
Xom
Yredelemnul
Zin
The Shining One
Beogh
Jiyva
Lugonu

Shops:
D *=*=


Message History

Press: ? - help, Dir - move target, f - you
Okay, then.
You start resting.
You flicker for a moment.
You start resting.
You flicker back into view.
You start resting.
Your magical contamination has completely faded away.
You open the door.
Found 19 gold pieces and a book of the Sky.
A burning bush comes into view.
Found 14 gold pieces.
There is an open door here.
Casting: Fulminant Prism (dangerous; 1% risk of failure)
Confirm with . or Enter, or press ? or * to list all spells.
Aiming: Fulminant Prism (dangerous; 1% risk of failure)
Press: ? - help, Dir - move target You conjure a prism of explosive energy!
A fulminant prism comes into view.
Casting: Fulminant Prism (dangerous; 1% risk of failure)
Confirm with . or Enter, or press ? or * to list all spells.
Aiming: Searing Ray (safe; 0% risk of failure)
Press: ? - help, Shift-Dir - straight line, f - burning bush
Aim: a burning bush (dormant, ally target, 100% to hit)
The searing ray hits the burning bush!
The burning bush is lightly damaged. (Press . to maintain the ray.)
The burning bush throws fire at you. The puff of flame misses you.
Your fulminant prism crackles loudly.
The searing ray hits the burning bush.
The burning bush is moderately damaged.
The burning bush throws fire at you. The puff of flame hits you!
Your fulminant prism explodes!
The blast of energy engulfs the burning bush!!
The burning bush is severely damaged.
The blast of energy engulfs you!!!
Ouch! That really hurt!
You die...

########################
#<...#.....#.....#.⌠._._
#....'.....'.#)..'.._._.
#P.P.#.....#.#...#..._._
###############'##.._._.
#..†♣........'...#._._._
#......♣.....#...#######
#.....♣..♣..######
##'####@##### #[.#$$$$+
#.[#P:### ######


You could see a burning bush.

Vanquished Creatures
  An oklob plant (D)
  2 wandering mushrooms (D)
  A burning bush (D)
  A queen bee (D)
  3 scorpions (D)
  4 killer bees (D)
  4 oklob saplings (D)
  2 spriggans (D)
  A river rat (D)
  A rat (D)
20 creatures vanquished.

Vanquished Creatures (others)
  5 fulminant prisms (D)
  5 fungi (D)
10 creatures vanquished.

Grand Total: 30 creatures vanquished

Notes
Turn   | Place    | Note
-------+----------+-------------------------------------------
     0 | D        | Zeld the Deep Elf Conjurer began the quest for the Orb.
     0 | D        | Reached XP level 1. HP: 10/10 MP: 6/6
    31 | D        | Reached skill level 4 in Spellcasting
    31 | D        | Reached skill level 5 in Conjurations
    31 | D        | Reached skill level 1 in Hexes
    31 | D        | Reached skill level 1 in Translocations
    31 | D        | Reached XP level 2. HP: 15/15 MP: 0/9
   115 | D        | Learned a level 2 spell: Searing Ray
   150 | D        | Noticed a scorpion
   156 | D        | Killed a scorpion
   157 | D        | Reached skill level 7 in Spellcasting
   157 | D        | Reached XP level 3. HP: 19/19 MP: 5/13
   157 | D        | Reached XP level 4. HP: 24/24 MP: 5/15
   161 | D        | Learned a level 3 spell: Dazzling Flash
   166 | D        | Learned a level 4 spell: Fulminant Prism
   171 | D        | Learned a level 4 spell: Iskenderun's Mystic Blast
   438 | D        | Reached skill level 8 in Spellcasting
   553 | D        | Found the amulet of invisibility {+Inv}
   687 | D        | Found an opulent altar of Gozag.
   687 | D        | Found a hazy altar of Hepliaklqana.
   687 | D        | Found a burning altar of Makhleb.
   687 | D        | Found a sparkling altar of Nemelex Xobeh.
   687 | D        | Found a snail-covered altar of Cheibriados.
   687 | D        | Found a sacrificial altar of Ru.
   687 | D        | Found a shimmering blue altar of Sif Muna.
   687 | D        | Found a shimmering altar of Xom.
   687 | D        | Found a basalt altar of Yredelemnul.
   688 | D        | Found a viscous altar of Jiyva.
   688 | D        | Found a bloodstained altar of Trog.
   688 | D        | Found an ornate altar of the Wu Jian Council.
   689 | D        | Found an iron altar of Okawaru.
   689 | D        | Found a shadowy altar of Dithmenos.
   689 | D        | Found a glowing silver altar of Zin.
   690 | D        | Found an ancient bone altar of Kikubaaqudgha.
   690 | D        | Found a hide-covered altar of Uskayaw.
   691 | D        | Found a stormy altar of Qazlal.
   691 | D        | Found a white marble altar of Elyvilon.
   691 | D        | Found a glowing golden altar of the Shining One.
   692 | D        | Found a radiant altar of Vehumet.
   692 | D        | Found a corrupted altar of Lugonu.
   695 | D        | Became a worshipper of Sif Muna the Loreminder
   969 | D        | Reached skill level 9 in Spellcasting
   969 | D        | Reached XP level 5. HP: 28/28 MP: 7/19
  1129 | D        | Reached * piety under Sif Muna
  1130 | D        | Reached skill level 5 in Stealth
  1130 | D        | Reached skill level 10 in Spellcasting
  1137 | D        | Identified the +5 dagger of Peril {speed, rPois rN+ Int-5}
  1192 | D        | Reached skill level 11 in Spellcasting
  1192 | D        | Reached XP level 6. HP: 18/32 MP: 9/22
  1192 | D        | Reached ** piety under Sif Muna
  1193 | D        | Reached skill level 10 in Conjurations
  1329 | D        | Found Plog's Jewellery Shop.
  1329 | D        | Found Epew's General Store.
  1337 | D        | Noticed a burning bush
  1337 | D        | Noticed a wandering mushroom
  1341 | D        | Noticed a wandering mushroom
  1344 | D        | Killed a burning bush
  1344 | D        | Killed a wandering mushroom
  1345 | D        | Reached skill level 14 in Spellcasting
  1345 | D        | Reached XP level 7. HP: 5/36 MP: 9/26
  1347 | D        | Killed a wandering mushroom
  1347 | D        | Reached *** piety under Sif Muna
  1348 | D        | Reached XP level 8. HP: 6/41 MP: 4/28
  1636 | D        | Got the Guide on the Unstable Escort
  1638 | D        | Found Zin Zibb's Jewellery Emporium.
  1638 | D        | Found Mokoized's Assorted Antiques.
  1643 | D        | Got Annuikh's Handbook of Damaging Enchantment
  1652 | D        | Learned a level 7 spell: Orb of Destruction
  1655 | D        | Bought a purple potion for 25 gold pieces
  1655 | D        | Bought a scroll labelled JUEVYI KEHE for 28 gold pieces
  1655 | D        | Bought a scroll labelled JIALIEFINA for 28 gold pieces
  1696 | D        | Noticed a queen bee
  1702 | D        | Reached skill level 15 in Spellcasting
  1705 | D        | Killed a queen bee
  1705 | D        | Reached **** piety under Sif Muna
  1885 | D        | Noticed an oklob plant
  1891 | D        | Killed an oklob plant
  1892 | D        | Reached skill level 16 in Spellcasting
  1892 | D        | Reached skill level 15 in Conjurations
  1920 | D        | Noticed a burning bush
  1923 | D        | Killed by an exploding fulminant prism

Illustrated notes

Levels and vault maps discovered:
D:        dungeon_sprint_fedhas [sprint_temple]

Skill      XL: |  1  2  3  4  5  6  7  8 |
---------------+-------------------------+-----
Spellcasting   | 4 7 9 11 14 16 | 16.8
Conjurations   | 5 7 8 9 12 13 15 | 15.1
Hexes          | 1 2 |  2.0
Translocations | 1 2 |  2.0
Stealth        | 4 6 8 |  8.0
Dodging        | |  2.4

Action                   |  1- 3 |  4- 6 |  7- 9 || total
-------------------------+-------+-------+-------++-------
Melee: Unarmed           |     8 |     1 |       ||     9
 Cast: Magic Dart        |     8 |       |       ||     8
       Searing Ray       |     1 |     6 |     3 ||    10
       Fulminant Prism   |       |     3 |     2 ||     5
       Iskenderun's Myst |       |     3 |     5 ||     8
 Abil: Evoke Invisibilit |       |     6 |     2 ||     8
Armor: Robe              |     1 |       |       ||     1
Dodge: Dodged            |     7 |       |     2 ||     9
